 Dungeon Crawl Stone Soup version 0.29.0-4-gdea44cf6ec (webtiles) character file.

Game seed: 5721227131155000797

86 qw the Chopper (level 4, -1/26 HPs)
             Began as a Tengu Warper on Aug 28, 2022.
             Slain by Sigmund
             ... wielding a +2 scythe of freezing
              (3 damage)
             ... on level 2 of the Dungeon.
             The game lasted 00:00:09 (1680 turns).

qw the Chopper (Tengu Warper)                       Turns: 1680, Time: 00:00:10

Health: -1/26      AC: 10    Str: 14    XL:     4   Next: 49%
Magic:  8/8        EV:  4    Int: 13    God:
Gold:   69         SH:  0    Dex: 13    Spells: 7/7 levels left

rFire   . . .      SeeInvis .   a - +0 hand axe
rCold   . . .      Faith    .   (no shield)
rNeg    . . .      Spirit   .   m - +0 plate armour
rPois   .          Reflect  .   (helmet restricted)
rElec   .          Harm     .   (no cloak)
rCorr   .          Rampage  .   (no gloves)
Will    .....                   (boots unavailable)
Stlth   ..........              i - amulet of regeneration
HPRegen 0.88/turn               (no ring)
MPRegen 0.11/turn               (no ring)

@: no status effects
A: beak, talons 3
a: no special abilities


You were on level 2 of the Dungeon.
You visited 1 branch of the dungeon, and saw 2 of its levels.

You collected 69 gold pieces.


Innate Abilities, Weirdness & Mutations

You have a beak for a mouth.
You have claws for feet.


   Skills:
 - Level 2.0 Fighting
 + Level 4.7 Axes
 - Level 1.0 Throwing
 - Level 2.0 Armour
 - Level 2.1 Dodging
 - Level 2.0 Spellcasting
 - Level 2.4 Translocations


You had 7 spell levels left.
You didn't know any spells.
Your spell library contained the following spells:

 Spells                   Type           Power      Damage    Failure   Level
 Blink                    Tloc           14%        N/A       100%        2
 Gell's Gravitas          Tloc           7%         N/A       100%        3
 Lesser Beckoning         Tloc           7%         N/A       100%        3
 Teleport Other           Tloc           7%         N/A       100%        3
 Manifold Assault         Tloc           7%         N/A       100%        5

Inventory:

Hand Weapons
 a - a +0 hand axe (weapon)
 g - a +0 club
Missiles
 n - 3 javelins (quivered)
Armour
 m - a +0 plate armour (worn)
Jewellery
 d - the ring "Zoxta" {rPois Str+6}
   (You found it on level 2 of the Dungeon)

   [ring of strength]

   Str:       It affects your strength (+6).
   rPois:     It protects you from poison.
 i - an amulet of regeneration (around neck)
Scrolls
 b - a scroll of butterflies {unknown}
 h - a scroll of acquirement {unknown}
 j - a scroll of identify {unknown}
Potions
 c - 2 potions of heal wounds {unknown}
 e - a potion of might {unknown}
 f - 2 potions of haste {unknown}

Dungeon Overview and Level Annotations

Branches:
Dungeon (2/15)

Altars:

Annotations:
D:2 Sigmund


Message History

The adder is heavily wounded.
The adder bites you.
You are poisoned.
The adder poisons you!
You hit the adder. Your peck misses the adder.
The adder is almost dead.
You feel sick. The adder completely misses you.
You barely miss the adder. Your kick misses the adder. You peck the adder.
You kill the adder!
You feel sick.
You start resting.
You feel sick. x2
You are no longer poisoned.
HP restored.
Found a stone staircase leading up.
Enter note:
Enter note:
Found a stone staircase leading down.
Found 5 stones.
j - a scroll labelled ZIDYD MAPOXAOT Sigmund the Dreaded comes into view.
He is wielding a +2 scythe of freezing.
Found a smoky silvery potion.
Sigmund shouts!
A kobold comes into view. It is wielding a +0 whip.
You see here a scroll labelled ZIDYD MAPOXAOT.
The kobold shouts!
Sigmund casts a spell at you. The puff of flame hits you.
Sigmund hits you from afar with a +2 scythe of freezing.
Sigmund freezes you.
You closely miss the kobold. Your kick misses the kobold.
The kobold hits you with a +0 whip.
You closely miss the kobold. Your kick misses the kobold.
Sigmund hits you from afar with a +2 scythe of freezing!
Sigmund freezes you. The kobold hits you with a +0 whip.
You hit the kobold.
You kill the kobold!
Sigmund hits you from afar with a +2 scythe of freezing!
Sigmund freezes you.
You die...

# ######## #
#......###### #
#...........##### #
#.....?...^...... #
#######................
#
#.....#.(..............
#+###
#.>.......###..@)......
#...' ##.........#
#.......... #####
$....<.....# #....@.!...
#
...........###..........
######
.##.....................
+.....
#.#.##...###..........
###### #...##...#
#.......... #...######
......##### ###
#.......###...# ###..


You could see Sigmund.

Vanquished Creatures
  Jessica (D:2)
  2 adders (D:2)
  3 dart slugs (D:1)
  5 endoplasms
  2 giant cockroaches
  3 goblins (D:1)
  4 hobgoblins
  2 quokkas (D:1)
  5 ball pythons
  3 bats
  5 frilled lizards
  A kobold (D:2)
  3 rats
39 creatures vanquished.

Notes
Turn   | Place    | Note
-------+----------+-------------------------------------------
     0 | D:1      | qw the Tengu Warper began the quest for the Orb.
     0 | D:1      | Reached XP level 1. HP: 12/12 MP: 4/4
     0 | D:1      | 0 ||| qw: Version: 0.1-a-89-g26bdef1
     0 | D:1      | 0 ||| qw: Game counter: 2626
     0 | D:1      | 0 ||| qw: Always use a shield: true
     0 | D:1      | 0 ||| qw: God list: Okawaru
     0 | D:1      | 0 ||| qw: Allow faded altars: false
     0 | D:1      | 0 ||| qw: Do Orc after D:15 true
     0 | D:1      | 0 ||| qw: Do second Lair branch before Depths: true
     0 | D:1      | 0 ||| qw: Lair rune preference: random
     0 | D:1      | 0 ||| qw: Plans: Normal
     0 | D:1      | 0 ||| PLANNING D:1-11
   254 | D:1      | 254 ||| Stepping ~*~*~tactically~*~*~ (stealth).
   257 | D:1      | 257 ||| Stepping ~*~*~tactically~*~*~ (stealth).
   265 | D:1      | Reached XP level 2. HP: 17/17 MP: 6/6
   270 | D:1      | Reached skill level 3 in Axes
   421 | D:1      | 421 ||| Stepping ~*~*~tactically~*~*~ (stealth).
   423 | D:1      | 423 ||| Stepping ~*~*~tactically~*~*~ (stealth).
  1045 | D:1      | Reached XP level 3. HP: 17/21 MP: 7/7
  1246 | D:1      | 1246 ||| UPGRADING to +0 scale mail.
  1256 | D:1      | 1256 ||| DROPPING +0 leather armour.
  1257 | D:1      | 1257 ||| UPGRADING to +0 chain mail.
  1267 | D:1      | 1267 ||| DROPPING +0 scale mail.
  1268 | D:1      | 1268 ||| UPGRADING to +0 plate armour.
  1278 | D:1      | 1278 ||| DROPPING +0 chain mail.
  1279 | D:1      | 1279 ||| UPGRADING to amulet of regeneration.
  1284 | D:1      | 1284 ||| DROPPING ring of flight.
  1285 | D:1      | 1285 ||| DRINKING 2 sedimented blue potions.
  1286 | D:1      | 1286 ||| DRINKING 2 murky ruby potions.
  1287 | D:1      | 1287 ||| DROPPING scroll of blinking.
  1288 | D:1      | 1288 ||| DROPPING potion of flight.
  1289 | D:1      | 1289 ||| DROPPING potion of magic.
  1373 | D:2      | Identified the ring "Zoxta" {rPois Str+6}
  1392 | D:2      | Reached skill level 4 in Axes
  1543 | D:2      | Noticed Jessica
  1544 | D:2      | 1544 ||| Stepping ~*~*~tactically~*~*~ (stealth).
  1553 | D:2      | Killed Jessica
  1554 | D:2      | Reached XP level 4. HP: 13/26 MP: 8/8
  1596 | D:2      | 1596 ||| Stepping ~*~*~tactically~*~*~ (stealth).
  1597 | D:2      | 1597 ||| Stepping ~*~*~tactically~*~*~ (stealth).
  1674 | D:2      | Noticed Sigmund
  1680 | D:2      | HP: 2/26 [Sigmund/+2 scythe of freezing (7)]
  1680 | D:2      | Slain by Sigmund

Levels and vault maps discovered:
D:1:      psy_arrival_fountain, layout_basic
D:2:      layout_basic, dreamdust_ecumenical_altar_hidden_monk_grotto,
          uniq_jessica, uniq_sigmund

Skill      XL: |  1  2  3 |
---------------+----------+-----
Axes           | 3 4 |  4.7
Armour         | 2 |  2.0
Fighting       | |  2.0
Throwing       | |  1.0
Dodging        | |  2.1
Spellcasting   | |  2.0
Translocations | |  2.4

Action                   |  1- 3 |  4- 6 || total
-------------------------+-------+-------++-------
Melee: Hand axe          |    71 |    10 ||    81
       Peck              |    13 |     1 ||    14
       Kick              |    15 |       ||    15
Throw: Boomerang         |     7 |       ||     7
       Javelin           |    14 |       ||    14
  Use: Potion            |     2 |       ||     2
Armor: Leather armour    |    16 |       ||    16
       Plate armour      |    24 |     3 ||    27
Dodge: Dodged            |    23 |     3 ||    26

Table legend:
 A = Non-vault XP
 B = Vault XP
 C = Vault XP percentage of total XP
 D = Non-vault monster count
 E = Vault monster count
 F = Vault count percentage of total count
                 A         B        C        D         E       F
            +---------+---------+-------+---------+---------+-------
      Total |      87 |      37 |  29.8 |      38 |       1 |   2.6
            +---------+---------+-------+---------+---------+-------
        D:1 |      39 |       0 |   0.0 |      21 |       0 |   0.0
        D:2 |      48 |      37 |  43.5 |      17 |       1 |   5.6
            +---------+---------+-------+---------+---------+-------
